 Dungeon Crawl Stone Soup version 0.20-a0-839-gdaf5c57 (webtiles) character file.

206 4thArraOfDagon the Skirmisher (level 5, 0/44 HPs)
             Began as a Mummy Wanderer on Mar 8, 2017.
             Slain by a centaur (1 damage)
             ... on level 7 of the Dungeon.
             The game lasted 00:05:07 (1941 turns).

4thArraOfDagon the Skirmisher (Mummy Wanderer)      Turns: 1941, Time: 00:05:07

Health: 0/44       AC:  7    Str: 14    XL:     5   Next: 53%
Magic:  5/5        EV:  8    Int: 11    God:
Gold:   144        SH:  0    Dex: 16    Spells: 4/4 levels left

rFire    . . .     SeeInvis .   a - +2 short sword
rCold    + . .     Gourm    .   j - +0 scale mail
rNeg     + + +     Faith    .   (no shield)
rPois    ∞         Spirit   .   d - +0 helmet
rElec    .         Reflect  .   (no cloak)
rCorr    .         Harm     .   (no gloves)
MR       .....                  (no boots)
Stlth    ..........             (no amulet)
Regen    0.2/turn               o - +2 ring of dexterity
MPRegen  0.1/turn               e - ring of protection from fire

@: no status effects
A: no food or potions, fire vulnerability, cold resistance 1, negative energy
resistance 3, torment resistance, unbreathing
a: no special abilities


You were on level 7 of the Dungeon.
You were not hungry.

You visited 1 branch of the dungeon, and saw 7 of its levels.
You also visited: Ossuary.

You collected 144 gold pieces.

Inventory:

Hand Weapons
 a - a +2 short sword (weapon)
 l - a +0 falchion
 n - a +1 long sword
Armour
 c - a +0 robe
 d - a +0 helmet (worn)
 j - a +0 scale mail (worn)
Jewellery
 e - a ring of protection from fire (left hand)
 o - a +2 ring of dexterity (right hand)
Scrolls
 b - 5 scrolls of teleportation
 f - a scroll of fear
 g - 3 scrolls of identify
 h - 2 scrolls of immolation
 m - 2 scrolls of random uselessness


   Skills:
 - Level 5.0 Fighting
 - Level 4.1(4.4) Short Blades
 * Level 2.2(3.5) Long Blades
   Level 1.0 Shields
 - Level 1.0 Unarmed Combat
   Level 1.0 Evocations


You had 4 spell levels left.
You didn't know any spells.

Dungeon Overview and Level Annotations

Branches:
Dungeon (7/15)
 Temple: D:4-7

Altars:
Fedhas
Hepliaklqana
Sif Muna
Wu Jian
The Shining One

Annotations:
D:3 Terence


Innate Abilities, Weirdness & Mutations

You do not eat or drink.
Your flesh is vulnerable to fire.
You are immune to poison.
Your flesh is cold resistant. (rC+)
You are immune to negative energy. (rN+++)
You are immune to unholy pain and torment.
You can survive without breathing.


Message History

Unknown command.
You barely miss the centaur.
The centaur hits you but does no damage.
You hit the centaur but do no damage.
The centaur hits you but does no damage.
You hit the centaur.
The centaur is lightly wounded.
The centaur hits you but does no damage. x2
You barely miss the centaur.
The centaur is lightly wounded.
The centaur hits you.
* * * LOW HITPOINT WARNING * * *
You hit the centaur.
The centaur is lightly wounded.
The centaur hits you!
* * * LOW HITPOINT WARNING * * *
You hit the centaur.
The centaur is moderately wounded.
The centaur hits you.
You die...

##..## #...#
##..## #...#
##(.##
#(..###
##(...# #.
##..(<##
#..#..(@##
#.....c#
#.....(##
#......(#
#.........#
#.#.......#
#..##......#
#. #.......
#.......#


You could see a centaur.

Vanquished Creatures
  A crimson imp (D:5)
  A hound (D:5)
  A centaur skeleton (D:4)
  2 mummies (Ossuary)
  4 adders
  A shadow imp (D:5)
  An adder skeleton (D:6)
  A worm (D:4)
  2 leopard geckos
  7 orcs
  4 giant cockroaches
  2 hobgoblins (D:2)
  A quokka (D:4)
  A bat (D:2)
  2 frilled lizards (D:3)
  5 goblins
  2 kobolds
  4 rats
42 creatures vanquished.

Notes
Turn   | Place    | Note
-------+----------+-------------------------------------------
     0 | D:1      | 4thArraOfDagon the Mummy Wanderer began the quest for the Orb.
     0 | D:1      | 4thArraOfDagon set off with: a +2 short sword, 2 scrolls of teleportation, a +0 robe
     0 | D:1      | Reached XP level 1. HP: 16/16 MP: 1/1
   146 | D:2      | Reached skill level 3 in Fighting
   146 | D:2      | Reached XP level 2. HP: 17/24 MP: 2/2
   349 | D:2      | Found a deep blue altar of Sif Muna.
   492 | D:2      | Found a blossoming altar of Fedhas.
   523 | D:3      | Reached XP level 3. HP: 21/30 MP: 3/3
   726 | D:3      | Noticed Terence
   785 | D:4      | Reached skill level 4 in Fighting
   785 | D:4      | Reached XP level 4. HP: 27/38 MP: 4/4
   796 | D:4      | Found an ornate altar of the Wu Jian Council.
   992 | D:4      | Found a sand-covered staircase.
  1013 | Ossuary  | Entered an ossuary
  1049 | Ossuary  | Reached skill level 1 in Long Blades
  1537 | D:5      | Entered Level 5 of the Dungeon
  1604 | D:5      | Reached skill level 5 in Fighting
  1604 | D:5      | Reached XP level 5. HP: 44/44 MP: 5/5
  1735 | D:5      | Found a glowing golden altar of the Shining One.
  1849 | D:5      | Found a hazy altar of Hepliaklqana.
  1851 | D:5      | Noticed a sky beast
  1922 | D:7      | Noticed a centaur
  1940 | D:7      | HP: 1/44 [centaur (8)]
  1941 | D:7      | Slain by a centaur

Vault maps used:
D:1:      dpeg_arrival_three_smaller_balls, minmay_box_of_dots
D:2:      nicolae_overflow_hidden_temple, serial_park_tiny_1, fedhas_altar_3
D:3:      uniq_sigmund, uniq_terence
D:4:      nicolae_overflow_crystal_walls, nicolae_ossuary_entry_ruins,
          uniq_blork_the_orc
D:5:      old_standard_altar, tso_oasis_becter, minmay_temple_entry_nine_rooms,
          first_bread
D:6:      uniq_grinder
D:7:      grunt_temple_overflow_bloody_war, chequers_temple_overflow_minitemple,
          okawaru_gym_becter
Ossuary:  ossuary_crypta

Skill      XL: |  1  2  3  4  5 |
---------------+----------------+-----
Fighting       | 3 4 5 |  5.0
Long Blades    | 1 2 |  2.2
Short Blades   | |  4.1
Shields        | |  1.0
Unarmed Combat | |  1.0
Evocations     | |  1.0

Action                   |  1- 3 |  4- 6 || total
-------------------------+-------+-------++-------
Melee: Short sword       |    76 |   179 ||   255
       Punch             |       |     1 ||     1
  Use: Scroll            |       |     8 ||     8
 Stab: Sleeping          |     4 |       ||     4
Armor: Robe              |     9 |       ||     9
       Scale mail        |    14 |    72 ||    86
Dodge: Dodged            |    34 |    43 ||    77
